 Dungeon Crawl Stone Soup version 0.29-a0-275-g389c0b56f3 (webtiles) character file.

Game seed: 11011441784038464329

473 ooooo the Conjurer (level 7, -1/41 HPs)
             Began as an Octopode Conjurer on Mar 12, 2022.
             Slain by a goblin
             ... wielding a +0 club
             ... led by Robin
              (7 damage)
             ... on level 4 of the Dungeon.
             The game lasted 00:09:22 (3669 turns).

ooooo the Conjurer (Octopode Conjurer)              Turns: 3669, Time: 00:09:23

Health: -1/41      AC:  1    Str:  6    XL:     7   Next: 10%
Magic:  4/13       EV: 13    Int: 23    God:
Gold:   106        SH:  0    Dex: 10    Spells: 4/14 levels left

rFire   . . .      SeeInvis .   l - +2 dagger (elec)
rCold   . . .      Faith    .   (no shield)
rNeg    . . .      Spirit   .   (helmet restricted)
rPois   .          Reflect  .   (no amulet)
rElec   .          Harm     .   (no ring)
rCorr   .          Rampage  .   (no ring)
Will    .....                   (no ring)
Stlth   +++.......              (no ring)
HPRegen 0.13/turn               (no ring)
MPRegen 0.13/turn               (no ring)
                                (no ring)
                                (no ring)

@: no status effects
A: almost no armour, amphibious, 8 rings, camouflage 1, gelatinous body 1,
(nimble swimmer 1), tentacles
a: no special abilities


You were on level 4 of the Dungeon.
You visited 1 branch of the dungeon, and saw 4 of its levels.

You collected 106 gold pieces.

Inventory:

Hand Weapons
 c - a +0 dagger of holy wrath
 k - a +2 dagger of speed
 l - a +2 dagger of electrocution (weapon)
 s - a +0 rapier
Missiles
 o - 6 boomerangs
 q - 3 poisoned darts (quivered)
Armour
 b - an orb of light
Scrolls
 e - a scroll of immolation
 i - a scroll of fear
 j - a scroll of amnesia
 n - a scroll of identify
Potions
 a - a potion of magic
 d - 2 potions of ambrosia
 f - 2 potions of might
 g - 2 potions of heal wounds
 h - a potion of flight
 m - a potion of curing
 p - a potion of lignification {unknown}


   Skills:
 - Level 2.0 Dodging
 - Level 2.6 Stealth
 + Level 4.2 Spellcasting
 + Level 6.1 Conjurations
 + Level 2.8 Hexes
 + Level 1.4 Translocations


You had 4 spell levels left.
You knew the following spells:

 Your Spells              Type           Power      Damage    Failure   Level
a - Searing Ray           Conj           64%        2d6       1%          2
b - Fulminant Prism       Conj/Hex       12%        3d9       16%         4
c - Iskenderun's Mystic   Conj/Tloc      22%        2d6       22%         4

Your spell library contained the following spells:

 Spells                   Type           Power      Damage    Failure   Level
 Magic Dart               Conj           100%       1d8       1%          1
 Dazzling Flash           Conj/Hex       50%        N/A       4%          3
 Animate Skeleton         Necr           8%         N/A       11%         1
 Pain                     Necr           16%        1d4       11%         1
 Vampiric Draining        Necr           4%         2d6       30%         3


Dungeon Overview and Level Annotations

Branches:
Dungeon (4/15)
 Temple: D:4-7

Altars:
Zin

Shops:
D:3 *

Annotations:
D:3 1 runed translucent door, Crazy Yiuf
D:4 Robin


Innate Abilities, Weirdness & Mutations

You cannot wear most types of armour.
You are amphibious.
You can wear up to eight rings at the same time.
Your skin changes colour to match your surroundings (Stealth+).
Your rubbery body absorbs attacks. (AC +1, EV +1)
((You are camouflaged when in or above water. (Stealth+)))
You have tentacles for arms and can constrict up to eight enemies at once.


Message History

The searing ray hits Robin!
Robin is severely wounded.
The goblin hits you but does no damage.
Robin roars a battlecry!
The goblin goes into a battle-frenzy!
You hear a shout! x4
The searing ray misses Robin.
You finish channelling your searing ray.
The goblin hits you with a +0 club. Robin hits you with a +0 mace.
The goblin hits you with a +0 club.
Robin drinks a potion.
Robin is healed!
Casting: Searing Ray (safe; 1% risk of failure)
Confirm with . or Enter, or press ? or * to list all spells.
Aiming: Searing Ray (safe; 1% risk of failure)
Press: ? - help, Shift-Dir - straight line, f - Robin
Aim: Robin, wielding a +0 mace, wearing a +0 animal skin and wearing a +0 helmet (86% to hit)
The searing ray hits Robin.
Robin is moderately wounded. (Press . to maintain the ray.)
The goblin closely misses you. Robin hits you with a +0 mace.
The searing ray misses Robin.
The goblin closely misses you.
Robin roars a battlecry!
You hear a shout!
The searing ray hits Robin!
Robin is almost dead.
The goblin hits you with a +0 club.
A goblin comes into view. It is wielding a +0 dagger.
Robin drinks a potion.
Robin is healed!
The searing ray hits Robin.
Robin is moderately wounded.
You finish channelling your searing ray.
You hear a shout!
The goblin hits you with a +0 club!
Robin throws the goblin at you! 2 goblins and 2 hobgoblins come into view.
The hobgoblin shouts!
The goblin misses you. The goblin hits you with a +0 club.
* * * LOW HITPOINT WARNING * * *
Robin throws the goblin at you!
* * * LOW HITPOINT WARNING * * *
The goblin attacks as you move away! The goblin hits you with a +0 club!
You die...

##...## . .....# gg
#....# g..##....#
g....g.g.# .g...g.g.#
......g.)#
##g########
######.@.......#
#....#ggg......#
#....#......<..#
#....#.........#
#....'.........####
###+###..............
.....................
.....................
.....................


You could see Robin, 3 hobgoblins and 5 goblins.

Vanquished Creatures
  Grinder (D:3)
  Pargi (D:3)
  Jessica (D:2)
  Natasha (thrice) (D:3)
  2 adders
  A worm (D:3)
  2 dart slugs (D:1)
  5 ball pythons
  6 bats
  8 endoplasms
  2 giant cockroaches
  5 goblins
  8 hobgoblins
  2 jackals (D:2)
  7 kobolds
  2 quokkas
  5 frilled lizards
  7 rats
68 creatures vanquished.

Notes
Turn   | Place    | Note
-------+----------+-------------------------------------------
     0 | D:1      | ooooo the Octopode Conjurer began the quest for the Orb.
     0 | D:1      | Reached XP level 1. HP: 11/11 MP: 3/3
    89 | D:1      | Reached XP level 2. HP: 17/17 MP: 0/5
   147 | D:1      | Learned a level 2 spell: Searing Ray
   803 | D:1      | Reached XP level 3. HP: 13/21 MP: 1/6
  1787 | D:2      | Noticed Jessica
  1795 | D:2      | Killed Jessica
  1796 | D:2      | Reached skill level 5 in Conjurations
  1796 | D:2      | Reached XP level 4. HP: 15/27 MP: 4/8
  2034 | D:2      | Learned a level 4 spell: Fulminant Prism
  2361 | D:3      | Noticed Grinder
  2433 | D:3      | Killed Grinder
  2434 | D:3      | Reached XP level 5. HP: 26/31 MP: 1/10
  2434 | D:3      | Reached XP level 6. HP: 30/36 MP: 1/11
  2523 | D:3      | Learned a level 4 spell: Iskenderun's Mystic Blast
  2640 | D:3      | Found a runed translucent door.
  2641 | D:3      | Noticed Crazy Yiuf
  2721 | D:3      | Noticed Pargi
  2730 | D:3      | Killed Pargi
  2858 | D:3      | Noticed Natasha
  2863 | D:3      | Killed Natasha
  2864 | D:3      | Reached skill level 1 in Translocations
  2866 | D:3      | Reached skill level 6 in Conjurations
  3013 | D:3      | Found Zin's Purification Station.
  3016 | D:3      | Found a glowing silver altar of Zin.
  3087 | D:3      | Noticed Natasha
  3090 | D:3      | Killed Natasha
  3091 | D:3      | Reached XP level 7. HP: 39/41 MP: 8/13
  3234 | D:3      | Found a runed translucent door.
  3262 | D:3      | Noticed Natasha
  3271 | D:3      | Killed Natasha
  3447 | D:3      | Found Zin's Purification Station.
  3451 | D:3      | Found a glowing silver altar of Zin.
  3651 | D:4      | Noticed Robin
  3669 | D:4      | Slain by a goblin

Illustrated notes

Levels and vault maps discovered:
D:1:      onia_arrival_handbag, layout_rooms
D:2:      layout_rooms, uniq_jessica
D:3:      layout_rooms, zin_purify, minmay_misc_feat_pillars, uniq_natasha,
          uniq_pargi, uniq_crazy_yiuf_cottage, uniq_grinder
D:4:      minmay_goblin_kobold_castle, layout_gridville, temple_pool_b,
          supply_closet_lemuel, uniq_robin, uniq_edmund

Skill      XL: |  1  2  3  4  5  6 |
---------------+-------------------+-----
Spellcasting   | 3 4 |  4.2
Conjurations   | 5 6 |  6.1
Hexes          | 2 |  2.8
Translocations | 1 |  1.4
Dodging        | |  2.0
Stealth        | |  2.6

Action                   |  1- 3 |  4- 6 |  7- 9 || total
-------------------------+-------+-------+-------++-------
Melee: Unarmed           |     6 |       |       ||     6
       Tentacles         |     8 |     3 |       ||    11
       Constrict         |     7 |     4 |       ||    11
       Short sword       |     4 |       |       ||     4
       Dagger            |    29 |    13 |       ||    42
       Punch             |       |     1 |       ||     1
Throw: Dart              |       |     2 |       ||     2
 Cast: Magic Dart        |    28 |       |       ||    28
       Searing Ray       |     8 |    10 |     6 ||    24
  Use: Scroll            |     6 |     7 |       ||    13
 Stab: Sleeping          |     9 |     2 |       ||    11
Armor: Skin              |    10 |       |     1 ||    11
Dodge: Dodged            |    40 |    14 |     6 ||    60

Table legend: (Time is in decaauts)
 A = Elapsed time spent in this place.
 B = Non-inter-level travel time spent in this place.
 C = Inter-level travel time spent in this place.
 D = Time resting spent in this place.
 E = Time spent auto-exploring this place.
 F = Levels seen in this place.
 G = Mean time per level.
                   A        B        C        D        E       F      G
               +--------+--------+--------+--------+--------+-----+--------+
         Total |   3663 |   3403 |    260 |    689 |   2116 |   4 |  915.8 |
       Dungeon |   3663 |   3403 |    260 |    689 |   2116 |   4 |  915.8 |
               +--------+--------+--------+--------+--------+-----+--------+

Top non-repeatable levels by time:
     D:1: 1289 daAuts
     D:2: 1196 daAuts
     D:3: 1102 daAuts
     D:4: 74 daAuts
